 Dungeon Crawl Stone Soup version 0.24-a0-809-g71cb82dfb8 (webtiles) character file.

Game seed: 1147950915205492330, levelgen mode: deterministic

150 Peloso the Covered (level 5, -4/47 HPs)
             Began as a Minotaur Fighter on Oct 11, 2019.
             Killed by divine providence
             ... invoked by an orc priest
              (16 damage)
             ... on level 3 of the Dungeon.
             The game lasted 00:03:44 (2437 turns).

Peloso the Covered (Minotaur Fighter)               Turns: 2437, Time: 00:03:45

Health: -4/47      AC:  9    Str: 21    XL:     5   Next: 10%
Magic:  4/4        EV:  6    Int:  5    God:
Gold:   99         SH:  9    Dex: 10    Spells: 4/4 levels left

rFire    . . .     SeeInvis .   a - +0 long sword
rCold    . . .     Gourm    .   c - +0 shield
rNeg     . . .     Faith    .   s - +0 chain mail
rPois    .         Spirit   .   (helmet restricted)
rElec    .         Reflect  .   (no cloak)
rCorr    .         Harm     .   (no gloves)
MR       .....                  (no boots)
Stlth    ..........             (no amulet)
HPRegen  0.15/turn              (no ring)
MPRegen  0.09/turn              (no ring)

@: no status effects
A: retaliatory headbutt, horns 2
a: no special abilities


You were on level 3 of the Dungeon.
You were not hungry.

You visited 1 branch of the dungeon, and saw 3 of its levels.

You collected 99 gold pieces.

Inventory:

Hand Weapons
 a - a +0 long sword (weapon)
 g - a +2 short sword of flaming
Armour
 b - a +0 scale mail
 c - a +0 shield (worn)
 s - a +0 chain mail (worn)
Jewellery
 i - an uncursed ring of protection from cold {unknown}
Wands
 k - a wand of iceblast (6)
Scrolls
 e - a scroll of fog {unknown}
 h - a scroll of magic mapping {unknown}
 j - 4 scrolls of identify {unknown}
 l - a scroll of enchant weapon {unknown}
 n - a scroll of amnesia {unknown}
 o - a scroll of teleportation {unknown}
Potions
 d - 2 potions of might
 m - a potion of agility {unknown}
 p - a potion of degeneration {unknown}
 q - a potion of curing {unknown}
 r - a potion of mutation {unknown}
Comestibles
 f - 6 rations
 t - a chunk of flesh


   Skills:
 + Level 4.3 Fighting
 + Level 3.5 Long Blades
 + Level 5.3 Armour
 + Level 0.6 Dodging
 + Level 4.4 Shields


You had 4 spell levels left.
You didn't know any spells.
Your spell library was empty.

Dungeon Overview and Level Annotations

Branches:
Dungeon (3/15)

Altars:


Innate Abilities, Weirdness & Mutations

You reflexively headbutt those who attack you in melee.
You have a pair of horns on your head.


Message History

Beogh smites you!
You hit the orc priest. Your headbutt misses the orc priest.
The orc priest is severely wounded.
You block the orc priest's attack. The orc hits you with a +0 trident.
Your shield and chain mail prevent you from hitting the orc priest.
The orc priest is severely wounded.
The orc hits you with a +0 trident.
The orc priest miscasts a cantrip.
The orc priest calls down the wrath of Beogh upon you.
Pain shoots through your body! The orc hits you with a +0 trident.
* * * LOW HITPOINT WARNING * * *
You hit the orc priest. Your headbutt misses the orc priest.
The orc priest is almost dead.
You block the orc priest's attack. The orc hits you but does no damage.
Unknown command.
You closely miss the orc priest.
The orc priest is almost dead.
The orc priest invokes the aid of Beogh against you.
Beogh smites you!
You die...

#..#........# #.......#####
#..####.######## #.##
#.#......# #.# #.#......# #.#
#.#.....[#
################.#####.#......#
..#........(.(..oo..##.#......#
#.#.############@...##+#......#
#.#.# #..............### #...#
#..............'.. ##..#
#######..............### #..#
#....................# #..#
#.........#..........# ##..#
#.........#....####### <#..#
#.........#....# (...#
#.........#....#


You could see an orc priest and an orc.

Vanquished Creatures
  An orc priest (D:2)
  6 adders
  2 oozes
  3 worms
  A dart slug (D:2)
  A leopard gecko (D:2)
  4 orcs
  3 giant cockroaches (D:1)
  4 goblins (D:2)
  5 hobgoblins
  3 kobolds
  5 ball pythons
  3 bats
  2 frilled lizards
  4 rats
47 creatures vanquished.

Notes
Turn   | Place    | Note
-------+----------+-------------------------------------------
     0 | D:1      | Peloso the Minotaur Fighter began the quest for the Orb.
     0 | D:1      | Reached XP level 1. HP: 19/19 MP: 0/0
   609 | D:1      | Reached XP level 2. HP: 27/27 MP: 1/1
   905 | D:2      | Reached skill level 4 in Armour
  1006 | D:2      | Reached XP level 3. HP: 32/33 MP: 2/2
  1324 | D:2      | Reached XP level 4. HP: 40/40 MP: 3/3
  1984 | D:2      | Reached skill level 5 in Armour
  1984 | D:2      | Reached XP level 5. HP: 13/47 MP: 4/4
  2437 | D:3      | Killed from afar by an orc priest

Levels and vault maps discovered:
D:1:      enne_arrival_octagon_isle, layout_loops_corners
D:2:      layout_basic
D:3:      minmay_razor_zed, layout_basic, led_sif_pool, uniq_grinder

Skill      XL: |  1  2  3  4 |
---------------+-------------+-----
Fighting       | 4 |  4.3
Shields        | 4 |  4.4
Armour         | 4 5 |  5.3
Long Blades    | 3 |  3.5
Dodging        | |  0.6

Action                   |  1- 3 |  4- 6 || total
-------------------------+-------+-------++-------
Melee: Long sword        |    67 |    68 ||   135
       Headbutt          |     5 |    10 ||    15
  Use: Potion            |     2 |       ||     2
  Eat: Chunk             |     1 |     4 ||     5
Armor: Scale mail        |    32 |    23 ||    55
       Chain mail        |       |    22 ||    22
Dodge: Dodged            |    26 |    23 ||    49
Block: Shield            |    28 |    41 ||    69
       Rpst.: Long sword |     6 |     7 ||    13

Table legend:
 A = Non-vault XP
 B = Vault XP
 C = Vault XP percentage of total XP
 D = Non-vault monster count
 E = Vault monster count
 F = Vault count percentage of total count
                 A         B        C        D         E       F
            +---------+---------+-------+---------+---------+-------
      Total |     215 |       0 |   0.0 |      47 |       0 |   0.0
            +---------+---------+-------+---------+---------+-------
        D:1 |      13 |       0 |   0.0 |       9 |       0 |   0.0
        D:2 |     147 |       0 |   0.0 |      26 |       0 |   0.0
        D:3 |      55 |       0 |   0.0 |      12 |       0 |   0.0
            +---------+---------+-------+---------+---------+-------
